[Event "Titled Tuesday Blitz July 20 2021"]
[White "Belyakov, Bogdan"]
[Black "Narayanan.S.L"]
[WhiteFideId "24104795"]
[BlackFideId "5058422"]
[WhiteElo "2407"]
[BlackElo "2617"]
[Result "0-1"]
[Round "09"]
[TimeControl "180+1"]
[Date "2021.07.20"]
[WhiteClock "0:00:10"]
[BlackClock "0:00:51"]

1. e4 c6 2. d4 d5 3. e5 Bf5 4. Nd2 a5 5. a4 Na6 6. Nb3 Nb4 7. Bd3 Nxd3+ 8. cxd3 e6 9. Ne2 Ne7 10. O-O Bg6 11. Nf4 Nf5 12. Bd2 Be7 13. Rc1 O-O 14. Qe1 Qb6 15. Nxa5 Nxd4 16. Nxg6 hxg6 17. b4 Nf5 18. Rb1 Rfc8 19. Qd1 Qc7 20. Re1 b6 21. Nb3 Rxa4 22. Rc1 Raa8 23. d4 Qb7 24. g3 Ra2 25. Ra1 Rca8 26. Rxa2 Rxa2 27. Qb1 Ra8 28. Rc1 Bf8 29. Qc2 Rc8 30. Qa2 Kh7 31. Qa4 Ra8 32. Qxc6 Qxc6 33. Rxc6 Ra3 34. g4 Nh4 35. Rc3 Bxb4 36. Rh3 Rxb3 37. Rxb3 Bxd2 38. Kf1 g5 39. Ke2 Bf4 40. h3 Ng6 41. Rxb6 Nf8 42. Rb7 Kg6 43. Kd3 f6 44. exf6 gxf6 45. Re7 e5 46. dxe5 fxe5 47. f3 Kf6 48. Re8 Ne6 49. Ra8 Nc5+ 50. Ke2 d4 51. Rc8 d3+ 52. Kd1 Ne6 53. Rc6 Ke7 54. Rd6 Kxd6 0-1


[Site "https://www.chess.com"]

[Event "Titled Tuesday Blitz July 20 2021"]
[White "Bryakin, Mikhail"]
[Black "GrafLermontov"]
[WhiteFideId "4165314"]
[WhiteElo "2403"]
[BlackElo "2559"]
[Result "1-0"]
[Round "09"]
[TimeControl "180+1"]
[Date "2021.07.21"]
[WhiteClock "0:00:22"]
[BlackClock "0:00:01"]

1. e4 c5 2. c3 Nf6 3. Bd3 Nc6 4. Nf3 d5 5. exd5 Qxd5 6. Qe2 Bg4 7. Bc4 Qh5 8. h3 Bxf3 9. Qxf3 Qxf3 10. gxf3 e6 11. f4 a6 12. d3 O-O-O 13. Ke2 Bd6 14. Be3 Nd5 15. f5 Nxe3 16. fxe3 exf5 17. Bxf7 Rhf8 18. Be6+ Kc7 19. Nd2 Rde8 20. Bd5 Ne7 21. Bb3 Ng6 22. Kf3 Nh4+ 23. Kf2 g5 24. Rae1 b5 25. Nf3 Nxf3 26. Kxf3 h5 27. Bd5 g4+ 28. Kf2 g3+ 29. Kf3 h4 30. Rhg1 Re5 31. c4 b4 32. a4 Be7 33. Re2 Bg5 34. Rge1 Rfe8 35. b3 a5 36. d4 cxd4 37. exd4 Rxe2 38. Rxe2 Rxe2 39. Kxe2 Kd6 40. Bf3 Bf4 41. Kd3 Bc1 42. c5+ Ke6 43. Kc4 Bf4 44. Kb5 Bc7 45. Kc6 Bd8 46. Kb7 Kd7 47. d5 f4 48. Bg2 Bc7 49. Bf3 Bd8 50. Be4 Bc7 51. Ka6 Bd8 52. Bf3 Bc7 53. Kb5 Bd8 54. d6 Ke6 55. Kc6 Bf6 56. Kb7 Bd8 57. Kc8 Bf6 58. d7 Ke5 59. c6 Kd6 60. c7 1-0


[Site "https://www.chess.com"]

[Event "Titled Tuesday Blitz July 20 2021"]
[White "Buchenau, Frank"]
[Black "Wagner, Dennis"]
[WhiteFideId "4604350"]
[BlackFideId "24650684"]
[WhiteElo "2255"]
[BlackElo "2355"]
[Result "1/2-1/2"]
[Round "09"]
[TimeControl "180+1"]
[Date "2021.07.20"]
[WhiteClock "0:00:19"]
[BlackClock "0:00:07"]

1. e4 c5 2. Nf3 d6 3. Bb5+ Nd7 4. O-O a6 5. Bd3 Ngf6 6. Re1 e6 7. c3 b5 8. Bc2 c4 9. b4 Bb7 10. a4 Be7 11. Na3 O-O 12. d4 cxd3 13. Qxd3 Bc6 14. Bf4 e5 15. Bg5 Qb6 16. a5 Qb7 17. Nh4 g6 18. c4 Rfe8 19. cxb5 axb5 20. Rad1 d5 21. exd5 Nxd5 22. Bxe7 Rxe7 23. Bb3 Nf4 24. Qd6 Bxg2 25. f3 Rae8 26. Nxg2 Nh3+ 27. Kh1 Nf2+ 28. Kg1 Qxf3 29. Qd5 Nh3+ 30. Kh1 Nf2+ 31. Kg1 e4 32. Re3 Nh3+ 33. Kh1 Nf2+ 34. Kg1 Nh3+ 35. Kh1 Nf2+ 36. Kg1 1/2-1/2


[Site "https://www.chess.com"]

[Event "Titled Tuesday Blitz July 20 2021"]
[White "Czerw, Dawid"]
[Black "Pein, Jonathan"]
[WhiteFideId "1145746"]
[BlackFideId "417092"]
[WhiteElo "2075"]
[BlackElo "2167"]
[Result "0-1"]
[Round "09"]
[TimeControl "180+1"]
[Date "2021.07.21"]
[WhiteClock "0:00:01"]
[BlackClock "0:00:05"]

1. e4 c5 2. Nf3 Nc6 3. d4 cxd4 4. Nxd4 g6 5. c4 Bg7 6. Be3 Nf6 7. Nc3 O-O 8. Be2 b6 9. O-O Bb7 10. f3 e6 11. Nxc6 Bxc6 12. e5 Ne8 13. f4 d6 14. Bd4 Qc7 15. Bf3 Bxf3 16. Qxf3 Rd8 17. b3 dxe5 18. Bxe5 Bxe5 19. fxe5 Qxe5 20. Rae1 Qd4+ 21. Kh1 Nd6 22. Ne4 Nxe4 23. Rxe4 Qg7 24. h4 Rd2 25. h5 Rfd8 26. Kg1 R2d3 27. Qf4 R3d4 28. h6 Rxe4 29. Qxe4 Qd4+ 30. Qxd4 Rxd4 31. Rc1 Rd7 32. c5 bxc5 33. Rxc5 f6 34. Rc8+ Kf7 35. Rh8 Rd1+ 36. Kf2 g5 37. Rxh7+ Kg6 38. Rxa7 Kxh6 39. b4 Rb1 40. a3 g4 41. Ra6 Kg5 42. Rxe6 Rb3 43. Re3 Rb2+ 44. Re2 Rb3 45. Re3 Rb2+ 46. Kf1 f5 47. g3 Kf6 48. Rc3 Ke5 49. Ke1 Ke4 50. Kd1 f4 51. gxf4 Kxf4 52. Kc1 Rh2 53. Rc4+ Kf3 54. Rc3+ Kf4 55. b5 g3 56. Rc4+ Ke3 57. Rc3+ Kf4 58. b6 g2 59. Rc4+ Kf5 60. b7 g1=Q# 0-1


[Site "https://www.chess.com"]

[Event "Titled Tuesday Blitz July 20 2021"]
[White "Damjanovic, Vladimir"]
[Black "volunteers1998"]
[WhiteFideId "903795"]
[WhiteElo "2374"]
[BlackElo "2217"]
[Result "1-0"]
[Round "09"]
[TimeControl "180+1"]
[Date "2021.07.21"]
[WhiteClock "0:00:03"]
[BlackClock "0:00:01"]

1. e4 c5 2. Nf3 Nc6 3. Bb5 d6 4. O-O Bd7 5. Re1 Nf6 6. h3 e6 7. c3 Be7 8. d4 cxd4 9. cxd4 O-O 10. Nc3 a6 11. Bf1 b5 12. a3 Rc8 13. Bf4 d5 14. e5 Ne8 15. Bd3 Qb6 16. h4 f5 17. Nxd5 exd5 18. e6 Bxe6 19. Rxe6 Nc7 20. Re1 Rce8 21. Qb3 Kh8 22. Bxc7 Qxc7 23. Qxd5 Rd8 24. Qe6 Qd6 25. Bxf5 Nxd4 26. Nxd4 Qxd4 27. Rad1 Qxh4 28. g3 Qf6 29. Rxd8 Bxd8 30. Qxf6 Bxf6 31. b3 Bb2 32. a4 bxa4 33. bxa4 Bd4 34. Re2 g6 35. Bd3 Rf3 36. Bxa6 Rxg3+ 37. Kf1 Ra3 38. Bb5 Kg7 39. Kg2 Kf6 40. Rd2 Be5 41. Rc2 h5 42. Rc4 g5 43. Rc6+ Ke7 44. Rc5 Bf4 45. Rd5 h4 46. f3 Be3 47. Kh3 Bf4 48. Kg4 Ra1 49. Rd3 Ra3 50. Kf5 Rxd3 51. Bxd3 Kd6 52. a5 Kc7 53. Kg4 Kb8 54. Bb5 Ka7 55. Kh3 Be3 56. Bf1 Bd2 57. f4 Bc1 58. f5 Bb2 59. Kg4 Bf6 60. Kh5 Be5 61. Kxg5 1-0


[Site "https://www.chess.com"]

[Event "Titled Tuesday Blitz July 20 2021"]
[White "Dang, Hoang Son"]
[Black "Lagunow, Raphael"]
[WhiteFideId "12402435"]
[BlackFideId "24652644"]
[WhiteElo "2248"]
[BlackElo "2400"]
[Result "0-1"]
[Round "09"]
[TimeControl "180+1"]
[Date "2021.07.21"]
[WhiteClock "0:00:16"]
[BlackClock "0:00:03"]

1. e4 c5 2. Nf3 Nc6 3. d4 cxd4 4. Nxd4 Nf6 5. Nc3 e5 6. Ndb5 d6 7. Nd5 Nxd5 8. exd5 Ne7 9. c4 Ng6 10. Qa4 Bd7 11. Qb4 Qb8 12. Be2 a6 13. Nc3 a5 14. Qb3 a4 15. Qb4 Be7 16. Be3 O-O 17. h4 Nxh4 18. O-O-O Nf5 19. Bb6 Bd8 20. Bg4 Bxb6 21. Qxb6 a3 22. b3 Ra6 23. Qb4 Qc7 24. Nb5 Qc5 25. Qxc5 dxc5 26. Nc3 Rg6 27. f3 Rd8 28. Rde1 f6 29. Ne4 b6 30. Rh2 Nd4 31. Bh5 Rh6 32. Reh1 Bf5 33. Ng3 Bg6 34. Bg4 Rxh2 35. Rxh2 f5 36. Bh3 Kf7 37. Rh1 Kf6 38. Re1 b5 39. Re3 bxc4 40. bxc4 Ra8 41. Rd3 Ra4 42. Kd2 Rxc4 43. Rxa3 Rc2+ 44. Kd1 h5 45. Ra6+ Kg5 46. d6 Be8 47. Ra7 Rb2 48. Rxg7+ Kf6 49. Ra7 c4 50. d7 Bxd7 51. Rxd7 c3 52. Rc7 Rb1# 0-1


[Site "https://www.chess.com"]

[Event "Titled Tuesday Blitz July 20 2021"]
[White "De Silva, L M S T"]
[Black "Dzierzak, Radoslaw"]
[WhiteFideId "9953698"]
[BlackFideId "1161407"]
[WhiteElo "1621"]
[BlackElo "2019"]
[Result "1-0"]
[Round "09"]
[TimeControl "180+1"]
[Date "2021.07.21"]
[WhiteClock "0:02:00"]
[BlackClock "0:00:04"]

1. e4 d6 2. d4 Nf6 3. Nc3 g6 4. f3 c6 5. Be3 b5 6. Qd2 Nbd7 7. O-O-O Nb6 8. b3 a5 9. h4 h5 10. Nh3 a4 11. Ng5 Bg7 12. Kb1 axb3 13. cxb3 Bd7 14. Ne2 Qb8 15. Nf4 O-O 16. Qc2 c5 17. dxc5 dxc5 18. Bxc5 Rc8 19. g3 Qe5 20. Nd3 Qxg3 21. Qf2 Qxf2 22. Bxf2 Rcb8 23. Nc5 Bc6 24. Bg3 Rd8 25. Rxd8+ Rxd8 26. Bc7 Rd1+ 27. Kc2 Ra1 28. Bxb6 Rxa2+ 29. Kd3 b4 30. Ke3 Rb2 31. Bc4 Nd7 32. Bxf7+ Kf8 33. Nce6# 1-0


[Site "https://www.chess.com"]

[Event "Titled Tuesday Blitz July 20 2021"]
[White "Derige Kane, Yan"]
[Black "Shtyka, Sergey"]
[WhiteFideId "20665431"]
[BlackFideId "4138465"]
[WhiteElo "2169"]
[BlackElo "2064"]
[Result "1-0"]
[Round "09"]
[TimeControl "180+1"]
[Date "2021.07.21"]
[WhiteClock "0:01:11"]
[BlackClock "0:00:04"]

1. d4 c5 2. d5 e5 3. Nc3 d6 4. e4 Be7 5. Bb5+ Bd7 6. a4 a6 7. Be2 Bg5 8. Nf3 Bxc1 9. Qxc1 Nf6 10. Nd2 O-O 11. Nc4 Bc8 12. a5 Qe7 13. Nb6 Ra7 14. h3 Nbd7 15. Nc4 Ra8 16. g4 Ne8 17. Ne3 g6 18. Nc4 Nc7 19. Qh6 Nb5 20. h4 Nd4 21. O-O-O f6 22. g5 f5 23. h5 Qg7 24. hxg6 hxg6 25. Qxg7+ Kxg7 26. Nxd6 Nxe2+ 27. Nxe2 fxe4 28. Nxe4 b5 29. Rh4 Rh8 30. Rdh1 Rxh4 31. Rxh4 Bb7 32. c4 bxc4 33. N4c3 Rf8 34. Rxc4 Rxf2 35. Ng3 Rg2 36. Nge4 Rg4 37. b4 cxb4 38. Rxb4 Ba8 39. Rc4 Kf7 40. Rc7 Rg1+ 41. Kb2 Ke8 42. Ra7 Bxd5 43. Nxd5 Rg2+ 44. Kc3 Re2 45. Nef6+ Nxf6 46. Nxf6+ Kf8 47. Kc4 e4 48. Kd5 Rd2+ 49. Ke6 Rd7 50. Rxd7 e3 51. Rf7# 1-0


[Site "https://www.chess.com"]

[Event "Titled Tuesday Blitz July 20 2021"]
[White "Derraugh, Geordie"]
[Black "Djordjevic, Dejan N"]
[WhiteFideId "2603950"]
[BlackFideId "913316"]
[WhiteElo "2132"]
[BlackElo "2262"]
[Result "1-0"]
[Round "09"]
[TimeControl "180+1"]
[Date "2021.07.21"]
[WhiteClock "0:00:47"]
[BlackClock "0:00:17"]

1. e4 c5 2. Nf3 Nc6 3. Bb5 g6 4. Bxc6 dxc6 5. d3 Bg7 6. h3 e5 7. O-O Qc7 8. a4 a5 9. Be3 b6 10. Na3 Rb8 11. Nc4 Be6 12. Qe2 h6 13. c3 Ne7 14. Rfb1 O-O 15. b4 axb4 16. cxb4 b5 17. axb5 cxb5 18. Na5 c4 19. Rc1 Rfc8 20. Nb3 cxd3 21. Qxd3 Bc4 22. Qd2 Kh7 23. Na5 Qd7 24. Qxd7 1-0


[Site "https://www.chess.com"]

[Event "Titled Tuesday Blitz July 20 2021"]
[White "Dolzhykova, Kateryna"]
[Black "Skatchkov, Valery"]
[WhiteFideId "14113414"]
[BlackFideId "24195812"]
[WhiteElo "2151"]
[BlackElo "2199"]
[Result "0-1"]
[Round "09"]
[TimeControl "180+1"]
[Date "2021.07.21"]
[WhiteClock "0:00:01"]
[BlackClock "0:02:10"]

1. e4 e5 2. Nf3 d5 3. Nxe5 Bd6 4. d4 dxe4 5. Bc4 Bxe5 6. dxe5 Qxd1+ 7. Kxd1 Nc6 8. Bf4 Nge7 9. Nc3 Bf5 10. Kc1 Ng6 11. g3 Ncxe5 12. Bd5 c6 13. Bxe4 Bxe4 14. Nxe4 O-O-O 15. b3 Nxf4 16. gxf4 Nf3 17. Ng5 Nxg5 18. fxg5 Rhe8 19. Kb2 Re2 20. f4 Rdd2 21. Rac1 Rf2 22. Rhf1 Rxc2+ 23. Rxc2 Rxf1 24. Re2 Rxf4 25. Re8+ Kd7 26. Rg8 g6 27. Rg7 Rf2+ 28. Ka3 Rxh2 29. Rxf7+ Kc8 30. Kb4 Rh5 31. a4 Rxg5 32. Rxh7 a5+ 33. Kc4 Kb8 34. Kc3 Ka7 35. Kb2 Kb6 36. Rg7 Rg3 37. Ka3 g5 38. Ka2 g4 39. Kb2 Ka6 40. Rg6 Rg2+ 41. Ka3 Kb6 42. Rg7 g3 43. Rg5 Kc7 44. Rxa5 Re2 45. Rg5 g2 46. b4 Kd6 47. Kb3 Ke6 48. Kc3 Kf6 49. Rg8 Kf5 50. Kd3 Rb2 51. Kc3 Ra2 52. a5 Kf4 53. Kc4 Kf3 54. Kc5 Rb2 55. Rg7 Kf2 56. Rf7+ Ke1 57. Re7+ Kf1 58. Rf7+ Rf2 59. Rxb7 g1=Q 60. Kxc6 Qg2+ 61. Kb6 Rf6+ 62. Ka7 Qf2+ 63. Rb6 Rf7+ 64. Ka6 Qe2+ 65. b5 Qe7 66. Rc6 Qb7# 0-1


[Site "https://www.chess.com"]

[Event "Titled Tuesday Blitz July 20 2021"]
[White "Dzhaparov, Medet"]
[Black "Nefedov, Sergey"]
[WhiteFideId "13803689"]
[BlackFideId "24113417"]
[WhiteElo "1702"]
[BlackElo "2385"]
[Result "0-1"]
[Round "09"]
[TimeControl "180+1"]
[Date "2021.07.21"]
[WhiteClock "0:00:01"]
[BlackClock "0:01:27"]

1. d4 Nf6 2. c4 e6 3. Nc3 d5 4. cxd5 exd5 5. Bg5 c6 6. e3 Nbd7 7. Bd3 Be7 8. Qc2 Nh5 9. Bxe7 Qxe7 10. Nge2 g6 11. g4 Ng7 12. O-O-O h5 13. h3 Nf6 14. g5 Nd7 15. Nf4 Nb6 16. h4 Bf5 17. e4 dxe4 18. Bxe4 O-O-O 19. Rhe1 Qc7 20. Ng2 Rhe8 21. Kb1 Qh2 22. Rh1 Bxe4 23. Rxh2 Bxc2+ 24. Kxc2 Nf5 25. d5 Nxd5 26. Nxd5 Rxd5 27. Rxd5 cxd5 28. Nf4 d4 29. Rh1 Re4 30. Nd5 Rxh4 31. Re1 Kd7 32. Nf6+ Kd6 33. Re8 Rh2 34. Kd3 Rxf2 0-1


[Site "https://www.chess.com"]

[Event "Titled Tuesday Blitz July 20 2021"]
[White "Efremov, Vladislav"]
[Black "Vivas Zamora, Fabian Ernesto"]
[WhiteFideId "44159935"]
[BlackFideId "3902480"]
[WhiteElo "2022"]
[BlackElo "1966"]
[Result "0-1"]
[Round "09"]
[TimeControl "180+1"]
[Date "2021.07.21"]
[WhiteClock "0:00:04"]
[BlackClock "0:00:04"]

1. d4 Nf6 2. c4 g6 3. Nc3 d5 4. cxd5 Nxd5 5. e4 Nxc3 6. bxc3 Bg7 7. Qa4+ Nd7 8. Nf3 O-O 9. Be2 c5 10. O-O Nb6 11. Qa3 cxd4 12. cxd4 Qd6 13. Qxd6 exd6 14. Ba3 Re8 15. Bxd6 Rxe4 16. Bd3 Re8 17. Be5 Be6 18. Bxg7 Kxg7 19. Be4 Bd5 20. Bxd5 Nxd5 21. Rab1 b6 22. Rb3 Re2 23. a3 Rc8 24. g3 Rcc2 25. Rb5 Nc7 26. Re5 Rxe5 27. Nxe5 Ra2 28. Rd1 Nd5 29. Rd3 b5 30. Nc6 a6 31. Rb3 Rd2 32. Nb8 Nc7 33. Rc3 Ne6 34. Nxa6 Nxd4 35. Rc5 h5 36. Nc7 h4 37. gxh4 Nf3+ 38. Kg2 Nxh4+ 39. Kg3 Nf5+ 40. Kg2 Ne3+ 41. Kg3 Nf5+ 42. Kg2 Rd3 43. Nxb5 Nh4+ 44. Kf1 Rd2 45. a4 Ra2 46. Nc3 Rc2 47. a5 Nf5 48. a6 Rc1+ 49. Ke2 Ra1 0-1


[Site "https://www.chess.com"]

[Event "Titled Tuesday Blitz July 20 2021"]
[White "Eynullayev, Atilla"]
[Black "Petriashvili, Nikoloz"]
[WhiteFideId "13413570"]
[BlackFideId "13611216"]
[WhiteElo "1997"]
[BlackElo "2430"]
[Result "0-1"]
[Round "09"]
[TimeControl "180+1"]
[Date "2021.07.20"]
[WhiteClock "0:00:07"]
[BlackClock "0:01:40"]

1. d4 Nf6 2. c4 e6 3. Nc3 d5 4. cxd5 exd5 5. Bg5 Be7 6. Qc2 c6 7. e3 Nbd7 8. Bd3 Nf8 9. Nf3 Ne6 10. Bh4 g6 11. Ne5 Nh5 12. Bxe7 Qxe7 13. g4 Nf6 14. O-O-O Nc5 15. Be2 Ncd7 16. f4 Nxe5 17. fxe5 Nxg4 18. e4 Ne3 19. Qd2 Nxd1 20. Rxd1 Be6 21. exd5 Bxd5 22. Rf1 O-O-O 23. Rf6 Qb4 24. a3 Qa5 25. Qf4 Be6 26. Bg4 Qb6 27. Rxf7 Bxg4 28. Qxg4+ Kb8 29. Rf4 Rhf8 30. e6 Rxf4 31. Qxf4+ Qc7 32. Qe3 Qd6 33. e7 Re8 0-1


[Site "https://www.chess.com"]

[Event "Titled Tuesday Blitz July 20 2021"]
[White "Ezat, Mohamed"]
[Black "Levine, Joseph"]
[WhiteFideId "10600906"]
[BlackFideId "30940346"]
[WhiteElo "2414"]
[BlackElo "1802"]
[Result "1-0"]
[Round "09"]
[TimeControl "180+1"]
[Date "2021.07.21"]
[WhiteClock "0:01:47"]
[BlackClock "0:00:06"]

1. d4 d5 2. c4 e6 3. Nc3 Nf6 4. cxd5 exd5 5. Bg5 c6 6. Qc2 Bd6 7. e3 O-O 8. Bd3 h6 9. Bh4 Re8 10. Nf3 Be6 11. Ne5 c5 12. O-O Nc6 13. Nxc6 bxc6 14. Bg3 Bxg3 15. hxg3 cxd4 16. exd4 Ng4 17. Be2 Qg5 18. Bxg4 Qxg4 19. Qd2 h5 20. Rfe1 h4 21. gxh4 Qxh4 22. Re5 g6 23. Rae1 Kg7 24. Qg5 Qxg5 25. Rxg5 Bf5 26. Re3 Rxe3 27. fxe3 Re8 28. Kf2 Rh8 29. Kg1 Re8 30. Rg3 Be4 31. Kf2 f5 32. Rh3 Rb8 33. b3 a5 34. Rh1 g5 35. Rc1 Rh8 36. Nxe4 dxe4 37. Rxc6 f4 38. Rc5 Kg6 39. Rxa5 Rh1 40. Re5 Ra1 41. Rxe4 Rxa2+ 42. Kf3 Kf5 43. Re5+ Kf6 44. exf4 gxf4 45. Rb5 Rb2 46. b4 Ke6 47. Re5+ Kd6 48. b5 Kc7 49. Rg5 Kd6 50. Kxf4 1-0


[Site "https://www.chess.com"]

[Event "Titled Tuesday Blitz July 20 2021"]
[White "FGHSMN"]
[Black "Rahman, Ziaur"]
[BlackFideId "10200037"]
[WhiteElo "2534"]
[BlackElo "2460"]
[Result "1-0"]
[Round "09"]
[TimeControl "180+1"]
[Date "2021.07.21"]
[WhiteClock "0:00:14"]
[BlackClock "0:00:02"]

1. e4 c6 2. d4 d5 3. Nc3 dxe4 4. Nxe4 Nf6 5. Nxf6+ exf6 6. c3 Bd6 7. Bd3 O-O 8. Qc2 Re8+ 9. Ne2 h5 10. Be3 Nd7 11. O-O-O b5 12. h3 Nb6 13. g4 h4 14. Rdg1 Nd5 15. Bd2 Be6 16. g5 f5 17. g6 Qa5 18. gxf7+ Bxf7 19. b3 b4 20. c4 Nf6 21. Bh6 Bf8 22. Bg5 Ne4 23. Bxh4 g6 24. Kb1 c5 25. Nf4 Kh7 26. f3 Nc3+ 27. Ka1 Bg7 28. Bxf5 Bxd4 29. Bxg6+ Kh8 30. Bxf7 Nb5+ 31. Qb2 Bxb2+ 32. Kxb2 Qb6 33. Rg6 Nd6 34. Bf6+ Kh7 35. Rg7+ Kh6 36. Rg6+ Kh7 37. Rhg1 1-0


[Site "https://www.chess.com"]

[Event "Titled Tuesday Blitz July 20 2021"]
[White "Garcia Ramos, Daniel"]
[Black "Preotu, Razvan"]
[WhiteFideId "32010311"]
[BlackFideId "2613280"]
[WhiteElo "2321"]
[BlackElo "2407"]
[Result "1-0"]
[Round "09"]
[TimeControl "180+1"]
[Date "2021.07.20"]
[WhiteClock "0:00:04"]
[BlackClock "0:00:02"]

1. c4 c5 2. Nf3 Nc6 3. g3 g6 4. Bg2 Bg7 5. O-O e5 6. Nc3 d6 7. a3 a5 8. Ne1 Be6 9. d3 Nge7 10. Nc2 d5 11. cxd5 Nxd5 12. Ne4 b6 13. Ng5 Bc8 14. Ne3 Nde7 15. Qa4 Bd7 16. Nc4 O-O 17. Nd6 Nd4 18. Qc4 b5 19. Qa2 c4 20. dxc4 Nxe2+ 21. Kh1 Bc6 22. c5 Nxc1 23. Raxc1 Bxg2+ 24. Kxg2 Qd7 25. Ngxf7 Qc6+ 26. Kg1 Qd5 27. Qxd5 Nxd5 28. Rfd1 Ne7 29. Ng5 Bh6 30. h4 Nc6 31. Nde4 Nd4 32. Kg2 Rac8 33. b4 axb4 34. axb4 Ra8 35. Ra1 Ra4 36. Rxa4 bxa4 37. Ra1 Bxg5 38. hxg5 Ra8 39. Nc3 a3 40. b5 Nc2 41. Ra2 Nb4 42. Ra1 a2 43. c6 Kf7 44. c7 Ke7 45. b6 Kd7 46. b7 Ra7 47. b8=Q 1-0


[Site "https://www.chess.com"]

[Event "Titled Tuesday Blitz July 20 2021"]
[White "Gavilan Diaz, Mario"]
[Black "Gurevich, Dmitry"]
[WhiteFideId "2260905"]
[BlackFideId "2000407"]
[WhiteElo "2262"]
[BlackElo "2506"]
[Result "0-1"]
[Round "09"]
[TimeControl "180+1"]
[Date "2021.07.21"]
[WhiteClock "0:01:12"]
[BlackClock "0:01:08"]

1. d4 Nf6 2. c4 a6 3. Nc3 c5 4. d5 b5 5. b3 b4 6. Nb1 g6 7. Bb2 Bg7 8. e4 d6 9. Bd3 O-O 10. Ne2 a5 11. a4 bxa3 12. Nxa3 Na6 13. Nc2 e6 14. O-O exd5 15. cxd5 Bb7 16. Nc3 Nd7 17. Na4 Bxb2 18. Nxb2 Nb4 19. Nc4 Nxd3 20. Qxd3 Ba6 21. Qc3 Qf6 22. Qxa5 Bxc4 23. Qxa8 Bxf1 24. Qb7 Bd3 25. Qxd7 Bxc2 26. Re1 Bxe4 0-1


[Site "https://www.chess.com"]

[Event "Titled Tuesday Blitz July 20 2021"]
[White "Golubenko, Valentina"]
[Black "Mazi, Leon"]
[WhiteFideId "4501993"]
[BlackFideId "14600315"]
[WhiteElo "2164"]
[BlackElo "2333"]
[Result "0-1"]
[Round "09"]
[TimeControl "180+1"]
[Date "2021.07.21"]
[WhiteClock "0:01:38"]
[BlackClock "0:02:17"]

1. d4 d5 2. g3 Nf6 3. Bg2 c6 4. Nf3 Bf5 5. O-O h6 6. Nbd2 e6 7. c4 Be7 8. b3 O-O 9. Bb2 a5 10. Rc1 a4 11. bxa4 Qa5 12. Qb3 Nbd7 13. Bc3 Qxa4 14. Qb6 Nxb6 0-1


[Site "https://www.chess.com"]

[Event "Titled Tuesday Blitz July 20 2021"]
[White "Golubev, Mikhail"]
[Black "Tsaruk, Maksim"]
[WhiteFideId "14100983"]
[BlackFideId "13511173"]
[WhiteElo "2374"]
[BlackElo "2184"]
[Result "1-0"]
[Round "09"]
[TimeControl "180+1"]
[Date "2021.07.20"]
[WhiteClock "0:00:03"]
[BlackClock "0:00:02"]

1. e4 e5 2. Nf3 Nc6 3. Bb5 a6 4. Ba4 Nf6 5. O-O b5 6. Bb3 Be7 7. d3 O-O 8. a3 d6 9. Nc3 Bg4 10. Be3 Nd4 11. Bxd4 exd4 12. Nb1 c5 13. Nbd2 d5 14. exd5 Nxd5 15. h3 Bh5 16. Re1 Re8 17. Re5 Nf4 18. Rxh5 Nxh5 19. Ne5 c4 20. dxc4 Bg5 21. Nxf7 Kxf7 22. Qxh5+ Kg8 23. cxb5+ Kh8 24. Nf3 Bf6 25. bxa6 Rxa6 26. Rd1 Ra5 27. Qf7 Re7 28. Qc4 Rc7 29. Qd3 Rd7 30. c3 Qb8 31. cxd4 Rb7 32. Bc2 g6 33. b4 Ra8 34. Rb1 Rb6 35. h4 Ra7 36. h5 gxh5 37. b5 Qf8 38. a4 Bd8 39. Ne5 Rf6 40. Qe3 Bb6 41. Rf1 Re7 42. Qe4 Qg7 43. Qd5 Rf8 44. Rd1 Rd8 45. Qf3 Bxd4 46. Nc6 Bxf2+ 47. Qxf2 Rxd1+ 48. Bxd1 Rd7 49. Bf3 h4 50. Qe3 h6 51. Qe8+ Kh7 52. Be4+ 1-0


[Site "https://www.chess.com"]

[Event "Titled Tuesday Blitz July 20 2021"]
[White "Gubajdullin, Alexei"]
[Black "Rangel, Daniel"]
[WhiteFideId "4141202"]
[BlackFideId "2124475"]
[WhiteElo "2403"]
[BlackElo "2187"]
[Result "1-0"]
[Round "09"]
[TimeControl "180+1"]
[Date "2021.07.21"]
[WhiteClock "0:01:28"]
[BlackClock "0:00:02"]

1. d4 Nf6 2. Bf4 g6 3. Nf3 Bg7 4. e3 O-O 5. Be2 d6 6. O-O b6 7. h3 Bb7 8. a4 a6 9. a5 b5 10. c4 c6 11. Nc3 Nbd7 12. b4 Qe8 13. Qb3 e5 14. Bh2 exd4 15. exd4 bxc4 16. Bxc4 d5 17. Bd3 Qd8 18. Rfe1 Re8 19. Ne5 Nxe5 20. Bxe5 Nd7 21. Bxg7 Kxg7 22. Na4 Qf6 23. Qc3 h5 24. Nc5 Nxc5 25. bxc5 Rab8 26. Re5 Rxe5 27. dxe5 Qe7 28. Rb1 Re8 29. f4 Bc8 30. Rb6 Qh4 31. Qd4 Qe1+ 32. Bf1 h4 33. Rxc6 Bd7 34. e6+ f6 35. exd7 Re2 36. d8=Q 1-0


[Site "https://www.chess.com"]

[Event "Titled Tuesday Blitz July 20 2021"]
[White "Gusarov, Grigory"]
[Black "Pastar, Slaven"]
[WhiteFideId "24102172"]
[BlackFideId "14402718"]
[WhiteElo "2269"]
[BlackElo "2150"]
[Result "1-0"]
[Round "09"]
[TimeControl "180+1"]
[Date "2021.07.21"]
[WhiteClock "0:00:41"]
[BlackClock "0:00:02"]

1. d4 b6 2. c4 Bb7 3. Nc3 g6 4. e4 Bg7 5. Be3 e6 6. f3 Ne7 7. Bd3 O-O 8. Nge2 d5 9. O-O Nbc6 10. Rc1 Nb4 11. cxd5 Nxd3 12. Qxd3 exd5 13. e5 a5 14. Rfd1 Ba6 15. Qd2 Rc8 16. Bh6 Bxh6 17. Qxh6 c5 18. dxc5 bxc5 19. Nf4 Nf5 20. Qh3 Qe7 21. Rxd5 Bb7 22. Re1 Bxd5 23. Ncxd5 Qh4 24. Qxh4 Nxh4 25. Ne7+ Kg7 26. Nxc8 Rxc8 27. Kf2 c4 28. Nd5 Nf5 29. f4 a4 30. Nb6 Rd8 31. Nxa4 Rd2+ 32. Re2 Rd1 33. Nc3 Rh1 34. h3 h5 35. Re1 Rxe1 36. Kxe1 Ne3 37. Kf2 Nc2 38. a4 f6 39. a5 Nb4 40. Ke3 fxe5 41. fxe5 Kf7 42. Kd4 Nc6+ 43. Kxc4 Nxa5+ 44. Kd5 Nb3 45. Ne4 Ke7 46. Nc5 Nc1 47. b4 Ne2 48. Kc4 Nf4 49. b5 Kd8 50. b6 Kc8 51. e6 Nxe6 52. Nxe6 Kb7 53. Nf4 1-0


[Site "https://www.chess.com"]

[Event "Titled Tuesday Blitz July 20 2021"]
[White "Havanecz, Bianka"]
[Black "ketster"]
[WhiteFideId "704814"]
[WhiteElo "2335"]
[BlackElo "2450"]
[Result "1-0"]
[Round "09"]
[TimeControl "180+1"]
[Date "2021.07.21"]
[WhiteClock "0:00:41"]
[BlackClock "0:00:16"]

1. d4 Nf6 2. c4 e6 3. Nc3 Bb4 4. Qc2 O-O 5. Nf3 d5 6. cxd5 exd5 7. Bg5 c6 8. e3 h6 9. Bh4 g5 10. Bg3 Ne4 11. Bd3 Nxg3 12. hxg3 Kg7 13. O-O-O Qf6 14. Rh2 Bg4 15. Rdh1 Nd7 16. Rxh6 Qxh6 17. Rxh6 Kxh6 18. Bf5 Bxf3 19. Bxd7 Bh5 20. g4 Bg6 21. Bf5 Bxc3 22. bxc3 Kg7 23. Qb3 Rab8 24. Qa3 a6 25. Qe7 Kh6 26. Qf6 Rbe8 27. Kd2 Rg8 28. f4 gxf4 29. exf4 Kh7 30. Qxf7+ Kh6 31. g5+ Kh5 32. Bxg6+ Kg4 33. Qxe8 Rxe8 34. Bxe8 Kxf4 35. g6 Kg3 36. g7 Kh2 37. g8=Q Kg1 38. Qf7 Kh1 39. g4 Kg1 40. g5 Kh1 41. g6 Kg1 42. g7 Kh1 43. g8=Q Kh2 44. Qfh7# 1-0


[Site "https://www.chess.com"]